 Dungeon Sprint DCSS version 0.21.2 (webtiles) character file.

18 Fang the Skirmisher (level 2, 0/30 HPs)
             Began as a Gargoyle Berserker on Jan 23, 2019.
             Was a Priest of Trog.
             Slain by an ogre
             ... wielding a +0 giant club
              (10 damage)
             ... in the Dungeon (Sprint VII: "The Pits").
             The game lasted 00:01:16 (608 turns).

Fang the Skirmisher (Gargoyle Berserker)             Turns: 608, Time: 00:01:17

Health: 0/30       AC: 14    Str: 25    XL:     2   Next: 66%
Magic:  2/2        EV:  9    Int:  7    God:    Trog [***...]
Gold:   0          SH:  0    Dex:  9    Spells: 1/1 levels left

rFire    . . .     SeeInvis .   m - +0 hand axe (freeze)
rCold    . . .     Gourm    .   (no shield)
rNeg     + . .     Faith    .   n - +3 chain mail
rPois    ∞         Spirit   .   (no helmet)
rElec    +         Reflect  .   (no cloak)
rCorr    .         Harm     .   (no gloves)
MR       .....     NoTele   +   (no boots)
Stlth    ..........             (no amulet)
HPRegen  0.10/turn              (no ring)
MPRegen  0.08/turn              (no ring)

@: berserking, very quick
A: negative energy resistance 1, electricity resistance, unbreathing,
petrification resistance, rot immunity, AC +2
a: Berserk, Trog's Hand, Burn Spellbooks, Renounce Religion


You were in the Dungeon.
You worshipped Trog.
Trog was most pleased with you.
You were not hungry.

You visited 1 branch

Inventory:

Hand Weapons
 j - a +2 hand axe
 m - a +0 hand axe of freezing (weapon)
Armour
 b - a +0 animal skin
 n - a +3 chain mail (worn)
Scrolls
 i - a scroll of blinking
 k - 3 scrolls of remove curse
 l - a scroll of summoning
Potions
 a - 2 potions of invisibility
 d - 6 potions of curing
 e - 6 potions of heal wounds
 f - a potion of haste
 g - 4 potions of magic
 h - 3 potions of berserk rage
Comestibles
 c - 9 rations


   Skills:
 + Level 4.7 Fighting
 + Level 4.0 Axes
 + Level 2.6 Armour
 + Level 2.2 Dodging


You had one spell level left.
You didn't know any spells.

Dungeon Overview and Level Annotations

Branches:
Dungeon (1/1)

Altars:


Innate Abilities, Weirdness & Mutations

You are resistant to torment.
Your stone body is resilient. (AC +2)
You are immune to poison.
You resist negative energy. (rN+)
You are resistant to electric shocks. (rElec)
You can survive without breathing.
You are immune to petrification.
You are immune to rotting.


Message History

A jelly comes into view.
Your chain mail prevents you from hitting the ogre.
You hit the black bear. You freeze the black bear.
The black bear bites you but does no damage.
The black bear barely misses you.
The black bear claws you but does no damage.
The ogre hits you with a giant club!
Ouch! That really hurt!
A white imp comes into view.
You hit the ogre. You freeze the ogre.
The ogre is moderately wounded.
You slash the black bear! You freeze the black bear. The black bear bites you.
The black bear claws you but does no damage. x2
Unknown command.
You barely miss the ogre.
The ogre is moderately wounded.
You barely miss the black bear. The black bear barely misses you.
The black bear claws you but does no damage. x2
The ogre hits you with a giant club!
You die...

#.#..#.....##.....
#.#).#####'#####'#
#.#))#.....##.....
#.#))#.....##.....
#.#.[###'####.....
#.##'#.).÷.##...<.
#.#......).##.....
#.#........##.....
#@###########.....
#OhJ.5..# ######
#.###...# #.# .#
#.# #.. #.. #...
####


You could see a black bear, an ogre, a jelly and a white imp.

Vanquished Creatures
  An adder skeleton (D)
  A worm (D)
  2 orcs (D)
  A ball python (D)
  A bat (D)
  2 giant cockroaches (D)
  A kobold (D)
9 creatures vanquished.

Notes
Turn   | Place    | Note
-------+----------+-------------------------------------------
     0 | D        | Fang the Gargoyle Berserker began the quest for the Orb.
     0 | D        | Reached XP level 1. HP: 14/14 MP: 1/1
   259 | D        | Reached ** piety under Trog
   345 | D        | Reached XP level 2. HP: 19/20 MP: 2/2
   360 | D        | Reached *** piety under Trog
   600 | D        | Noticed a black bear
   600 | D        | Noticed an ogre
   608 | D        | Slain by an ogre

Skill      XL: |  1  2 |
---------------+-------+-----
Axes           | 3 4 |  4.0
Fighting       | 4 |  4.7
Dodging        | 2 |  2.2
Armour         | |  2.6

Action                   || total
-------------------------++-------
Melee: Hand axe          ||    37
Invok: Berserk           ||     1
Armor: Animal skin       ||    23
       Chain mail        ||     6
Dodge: Dodged            ||    32
